 Dungeon Crawl Stone Soup version 0.29.1-2-gbd0b4ee654 (webtiles) character file.

Game seed: 10510229446531781862

466 wingedge the Changer (level 7, -3/81 HPs)
             Began as a Merfolk Transmuter on Nov 3, 2022.
             Was a Believer of Uskayaw.
             Slain by Duvessa
             ... wielding a +0 short sword
              (10 damage)
             ... on level 4 of the Dungeon.
             The game lasted 00:20:57 (4793 turns).

wingedge the Changer (Merfolk Transmuter)           Turns: 4793, Time: 00:20:57

Health: -3/81      AC: 30    Str: 10    XL:     7   Next: 8%
Magic:  10/10      EV:  2    Int: 15    God:    Uskayaw [**....]
Gold:   199        SH:  5    Dex: 14    Spells: 7/10 levels left

rFire   . . .      SeeInvis .   m - +2 dagger (protect)
rCold   . . .      Faith    .   (no shield)
rNeg    . . .      Spirit   .   (body armour currently unavailable)
rPois   +          Reflect  +   (helmet currently unavailable)
rElec   .          Harm     .   (cloak currently unavailable)
rCorr   .          Rampage  .   (gloves currently unavailable)
Will    .....      NoTele   +   (boots currently unavailable)
Stlth   +.........              s - amulet of reflection
HPRegen 0.23/turn               (no ring)
MPRegen 0.12/turn               (no ring)

@: tree-form, under a protective aura
A: stationary, stasis, torment immunity, boosted hp, (nimble swimmer 2),
(mertail)
a: Renounce Religion, Stomp, Line Pass


You were on level 4 of the Dungeon.
You worshipped Uskayaw.
Uskayaw was noncommittal.
You were a tree.
You visited 1 branch of the dungeon, and saw 4 of its levels.

You collected 199 gold pieces.

Inventory:

Hand Weapons
 a - a +3 dagger of holy wrath
 d - a +0 spear
 m - a +2 dagger of protection (weapon)
 q - a +0 flail of protection
 v - a +0 sling
 w - a +2 dagger of venom
Missiles
 k - 6 poisoned darts (quivered)
 y - a boomerang
Armour
 i - a +0 pair of gloves (melded)
 t - a +0 leather armour (melded)
 u - a +1 helmet (melded)
 x - a +0 pair of boots (melded)
Jewellery
 c - an amulet of guardian spirit
 s - an amulet of reflection (around neck)
Scrolls
 f - 6 scrolls of identify {unknown}
 g - a scroll of blinking {unknown}
 h - a scroll of noise {unknown}
 n - a scroll of enchant armour {unknown}
 o - a scroll of amnesia {unknown}
Potions
 e - a potion of curing {unknown}
 j - 2 potions of degeneration
 l - a potion of resistance
 p - a potion of haste {unknown}
 z - a potion of might {unknown}
 A - a potion of attraction {unknown}


   Skills:
 - Level 4.0 Fighting
 - Level 4.0 Dodging
 - Level 4.0 Unarmed Combat
 - Level 2.0 Spellcasting
 + Level 5.9 Transmutations
 - Level 3.0 Ice Magic
 - Level 1.0 Poison Magic
 - Level 1.0 Invocations


You had 7 spell levels left.
You knew the following spells:

 Your Spells              Type           Power      Damage    Failure   Level
a - Beastly Appendage     Tmut           38%        N/A       1%          1
b - Wereblood             Tmut           19%        N/A       3%          2

Your spell library contained the following spells:

 Spells                   Type           Power      Damage    Failure   Level
 Passwall                 Tmut/Erth      8%         N/A       10%         2
 Spider Form              Tmut/Pois      11%        N/A       16%         3
 Ice Form                 Ice/Tmut       14%        N/A       34%         4
 Alistair's Intoxication  Tmut/Pois      7%         N/A       83%         5
 Death's Door             Necr           0%         N/A       100%        9


Dungeon Overview and Level Annotations

Branches:
Dungeon (4/15)
 Temple: D:4-7

Altars:
Cheibriados
Ru
Uskayaw

Annotations:
D:4 Duvessa


Innate Abilities, Weirdness & Mutations

You are a tree.
Your roots penetrate the ground, keeping you stationary.
You cannot be teleported.
You are immune to unholy pain and torment.
Your maximum health is greatly increased.
Your equipment is partially melded.
((You are very nimble when in or above water. (Stealth+, EV+, Speed+++)))
((Your lower body shifts to a powerful aquatic tail in water.))


Message History

Duvessa is almost dead.
Duvessa hits you but does no damage. You block Duvessa's attack.
You hit Duvessa but do no damage.
Duvessa is almost dead.
Duvessa hits you but does no damage.
You hit Duvessa but do no damage.
Duvessa is almost dead.
You block Duvessa's attack. Duvessa barely misses you.
You hit Duvessa but do no damage.
Duvessa is almost dead.
Duvessa barely misses you.
You hit Duvessa. You punch Duvessa, but do no damage.
Duvessa is almost dead.
Duvessa hits you but does no damage. x2
You hit Duvessa but do no damage.
Duvessa is almost dead.
Duvessa hits you but does no damage.
You hit Duvessa.
Duvessa is almost dead.
Duvessa hits you but does no damage. x2
You hit Duvessa.
Duvessa is almost dead.
Duvessa hits you with a +0 short sword!
* * * LOW HITPOINT WARNING * * *
You closely miss Duvessa.
Duvessa is almost dead.
Duvessa hits you but does no damage. x2
You closely miss Duvessa.
Duvessa is almost dead.
Duvessa hits you but does no damage.
You hit Duvessa but do no damage.
Duvessa is almost dead.
Duvessa hits you but does no damage. x2
You barely miss Duvessa.
Duvessa is almost dead.
Duvessa completely misses you.
You hit Duvessa but do no damage.
Duvessa is almost dead.
You block Duvessa's attack. Duvessa hits you with a +0 short sword!
You die...

.........### #.
...........# #.
....<.....####.
...............##
.........####...#
...........(....##
....#....###.....#
.....)...# #.#e.##
.........####.##♣.#
.........##....#..#
...##....##......##
...##....##......#
...##....#####..##
..###....### #..#
...##......# #.##
...#######.# #.# .
...# #.###.# ...


You could see Duvessa (berserk).

Vanquished Creatures
  An ogre (D:3)
  A scorpion (D:4)
  Dowan (D:4)
  An orc priest (D:4)
  Ijyb (D:3)
  Terence (D:3)
  An orc wizard (D:4)
  Natasha (thrice) (D:3)
  Robin (D:3)
  An adder (D:3)
  3 dart slugs
  3 orcs (D:4)
  8 endoplasms
  2 giant cockroaches (D:1)
  16 goblins
  6 hobgoblins
  3 jackals (D:3)
  3 kobolds
  3 quokkas
  4 ball pythons
  2 bats (D:3)
  5 frilled lizards
  3 rats
73 creatures vanquished.

Vanquished Creatures (others)
  5 fungi (D:2)
  9 plants (D:2)
14 creatures vanquished.

Grand Total: 87 creatures vanquished

Notes
Turn   | Place    | Note
-------+----------+-------------------------------------------
     0 | D:1      | wingedge the Merfolk Transmuter began the quest for the
                  | Orb.
     0 | D:1      | Reached XP level 1. HP: 15/15 MP: 3/3
    53 | D:1      | Reached skill level 3 in Transmutations
   240 | D:1      | Reached XP level 2. HP: 21/21 MP: 3/5
  1122 | D:2      | Reached XP level 3. HP: 28/28 MP: 4/6
  1177 | D:2      | Learned a level 2 spell: Wereblood
  1542 | D:2      | Found a faded altar of an unknown god.
  1615 | D:2      | Got Jaxiuga's Handbook of the Transmuted Undead
  2027 | D:3      | Noticed Ijyb
  2050 | D:3      | Killed Ijyb
  2051 | D:3      | Reached skill level 4 in Transmutations
  2051 | D:3      | Reached XP level 4. HP: 13/35 MP: 0/7
  2548 | D:3      | Reached skill level 1 in Poison Magic
  2558 | D:3      | Noticed Robin
  2568 | D:3      | Killed Robin
  2569 | D:3      | Reached skill level 1 in Ice Magic
  2700 | D:3      | Noticed Terence
  2742 | D:3      | Killed Terence
  2773 | D:3      | Reached XP level 5. HP: 29/41 MP: 2/8
  3149 | D:3      | Noticed an ogre
  3157 | D:3      | Killed an ogre
  3158 | D:3      | Reached skill level 5 in Transmutations
  3178 | D:3      | Found a sacrificial altar of Ru.
  3202 | D:3      | Found a snail-covered altar of Cheibriados.
  3214 | D:3      | Found a hide-covered altar of Uskayaw.
  3218 | D:3      | Became a worshipper of Uskayaw the Reveller
  3524 | D:3      | Reached * piety under Uskayaw
  3750 | D:4      | Reached ** piety under Uskayaw
  3754 | D:4      | Reached XP level 6. HP: 22/47 MP: 6/9
  4007 | D:4      | Noticed Natasha
  4007 | D:4      | Noticed Duvessa
  4007 | D:4      | Noticed Dowan
  4018 | D:3      | Killed Natasha
  4047 | D:3      | Noticed Natasha
  4061 | D:3      | Killed Natasha
  4138 | D:3      | Noticed Natasha
  4162 | D:3      | Killed Natasha
  4532 | D:4      | Reached skill level 1 in Invocations
  4543 | D:4      | Reached *** piety under Uskayaw
  4673 | D:4      | Killed Dowan
  4674 | D:4      | Reached XP level 7. HP: 45/54 MP: 10/10
  4793 | D:4      | Slain by Duvessa

Illustrated notes

Levels and vault maps discovered:
D:1:      mainiacjoe_arrival_reflecting_pool, layout_basic,
          minmay_splitting_lines
D:2:      layout_basic, shapermc_ecumenical_altar_mp_urbaneastern
D:3:      layout_basic, mainiacjoe_overflow_tiny_flanked,
          amethyst_overflow_temple_binary, minmay_goblin_outpost, uniq_terence,
          uniq_robin, uniq_ijyb
D:4:      layout_rooms, minmay_misc_feat_x, uniq_natasha, uniq_duvessa,
          uniq_crazy_yiuf_cottage

Skill      XL: |  1  2  3  4  5  6 |
---------------+-------------------+-----
Transmutations | 3 4 5 |  5.9
Dodging        | 3 4 |  4.0
Fighting       | 2 3 4 |  4.0
Poison Magic   | 1 |  1.0
Ice Magic      | 1 3 |  3.0
Unarmed Combat | 4 |  4.0
Invocations    | 1 |  1.0
Spellcasting   | |  2.0

Action                   |  1- 3 |  4- 6 |  7- 9 || total
-------------------------+-------+-------+-------++-------
Melee: Spear             |    36 |       |       ||    36
       Unarmed           |     5 |       |       ||     5
       Headbutt          |    17 |    27 |     2 ||    46
       Dagger            |    45 |   191 |    25 ||   261
       Punch             |     1 |     4 |     1 ||     6
Throw: Dart              |     1 |     7 |     1 ||     9
 Cast: Beastly Appendage |    21 |    31 |     1 ||    53
       Wereblood         |     1 |     8 |       ||     9
Invok: Stomp             |       |     1 |       ||     1
Evoke: Wand              |       |     2 |     1 ||     3
  Use: Potion            |     2 |     1 |     1 ||     4
Armor: Robe              |    25 |     2 |       ||    27
       Leather armour    |       |    52 |     2 ||    54
       Skin              |       |       |    15 ||    15
Dodge: Dodged            |    45 |    99 |     6 ||   150
Block: Other             |       |    15 |     8 ||    23
